 Dungeon Crawl Stone Soup version 0.32-a0-871-ge202e49faa (webtiles) character file.

Game seed: 16646323250754117443

745 HilariousDeathArtist the Fighter (level 7, 0/70 HPs)
             Began as a Mountain Dwarf Berserker on Mar 29, 2024.
             Was a Priest of Trog.
             Constricted to death by Edmund (4 damage)
             ... on level 5 of the Dungeon.
             The game lasted 00:06:22 (4269 turns).

HilariousDeathArtist the Fighter (MDBe)             Turns: 4269, Time: 00:06:22

Health: 0/70       AC:  7    Str: 21    XL:     7   Next: 47%
Magic:  7/7        EV:  0    Int:  8    God:    Trog [***...]
Gold:   628        SH:  0    Dex:  9    Spells: 6/6 levels left

rFire   . . .        b - +0 war axe
rCold   . . .        (no shield)
rNeg    . . .        t - +0 scale mail
rPois   +            (no helmet)
rElec   .            (no cloak)
rCorr   .            (no gloves)
SInv    .            r - +0 pair of boots
Will    .....        (no amulet) Stlth
                     P - ring of poison resistance {rPois, !d}
HPRegen 0.31/turn    (no ring)
MPRegen 0.10/turn

%: no passive effects
@: grasped by roots, on berserk cooldown, slowed, constricted, very slow
A: runic magic, artefact enchanting
a: Renounce Religion, Berserk, Trog's Hand


You were on level 5 of the Dungeon.
You worshipped Trog.
Trog was most pleased with you.
You visited 1 branch of the dungeon, and saw 5 of its levels.

You collected 628 gold pieces.

Inventory:

Hand Weapons
 a - a +1 dagger of venom
   (You took it off an orc on level 3 of the Dungeon)
 b - a +0 war axe (weapon)
   (You took it off an orc on level 3 of the Dungeon)
 n - a +0 hand axe
Missiles
 d - 6 atropa-tipped darts
 g - 4 poisoned darts
 l - a boomerang
 s - 45 stones
Armour
 i - a +0 leather armour
   (You found it on level 1 of the Dungeon)
 m - a +0 animal skin
 r - a +0 pair of boots (worn)
   (You found it on level 3 of the Dungeon)
 t - a +0 scale mail (worn)
   (You found it on level 3 of the Dungeon)
Jewellery
 P - a ring of poison resistance (left hand) {rPois, !d}
   (You found it on level 1 of the Dungeon)
Wands
 j - a wand of polymorph (10)
   (You took it off a hobgoblin on level 3 of the Dungeon)
 q - a wand of flame (36)
   (You took it off Natasha on level 4 of the Dungeon)
Scrolls
 c - 2 scrolls of amnesia
 e - 2 scrolls of enchant armour
 h - a scroll of revelation
 k - 2 scrolls of identify {@r1}
 o - a scroll of poison
 Y - 3 scrolls of teleportation {@r3}
Potions
 f - 4 potions of heal wounds {unknown}
 T - a potion of berserk rage {!q}


   Skills:
 + Level 9.0 Fighting
 - Level 5.4 Axes
 - Level 2.1 Armour
 - Level 1.3 Dodging


You had 6 spell levels left.
You didn't know any spells.
Your spell library was empty.

Dungeon Overview and Level Annotations

Branches:
Dungeon (5/15)
 Temple: D:4-7

Altars:
Dithmenos
Fedhas
Sif Muna
Vehumet

Annotations:
D:3 2 transporters, intricategwyn's ghost, weakling DgAl
D:5 Edmund


Innate Abilities, Weirdness & Mutations

Your spellcasting is much less encumbered by armour.
You can use scrolls of enchantment on lesser artefacts.


Message History

You destroy the phantom!
Trog accepts your kill.
Ijyb grins evilly.
You slash Ijyb! Ijyb hits you with a +0 dagger.
Edmund zaps a wand.
The roots erupt in riotous growth!
Ijyb is unaffected.
The grasping roots grab you!
Edmund is unaffected.
The grasping roots constrict you.
You take 1 damage, and have 74/103 hp.
You slash Ijyb! Ijyb hits you with a +0 dagger.
The grasping roots constrict you.
You take 5 damage, and have 69/103 hp.
You slash Ijyb!
You feel the power of Trog in you as your rage grows.
You kill Ijyb!
Trog accepts your kill. The grasping roots constrict you.
Your Fighting skill increases to level 9!
You take 1 damage, and have 68/105 hp.
You slice Edmund!! You barely miss Edmund.
Edmund hits you with a +1 flail of venom.
You are poisoned.
The grasping roots constrict you.
Edmund's grasping roots sink back into the ground.
You take 7 damage, and have 61/105 hp.
You closely miss Edmund.
You feel very sick.
Edmund gestures with his flail.
Edmund hits you but does no damage.
You are more poisoned.
You take 3 damage, and have 58/105 hp.
You barely miss Edmund.
You feel very sick. Edmund barely misses you.
You take 4 damage, and have 54/105 hp.
You closely miss Edmund.
You feel sick.
Edmund hits you with a +1 flail of venom.
You take 4 damage, and have 50/105 hp.
You slash Edmund!
You are no longer berserk.
You are exhausted.
You feel yourself slow down.
You feel sick.
Edmund hits you with a +1 flail of venom.
You are more poisoned.
You now have 25/70 hp.
Okay, then.
Okay, then.
You feel better.
Edmund zaps a wand.
The roots erupt in riotous growth!
The grasping roots grab you!
Edmund is unaffected.
The grasping roots constrict you.
You regained 9 hp, and now have 34/70 hp.
Unknown command.
Okay, then.
Okay, then.
You barely miss Edmund. Edmund hits you but does no damage.
The grasping roots constrict you.
Edmund hits you with a +1 flail of venom!
You are poisoned.
The grasping roots constrict you.
* * * LOW HITPOINT WARNING * * *
Edmund's grasping roots sink back into the ground.
You take 15 damage, and have 19/70 hp.
MASSIVE DAMAGE!!
You barely miss Edmund.
You feel very sick.
Edmund zaps a wand.
The roots erupt in riotous growth!
The grasping roots grab you!
Edmund is unaffected.
The grasping roots constrict you.
* * * LOW HITPOINT WARNING * * *
Edmund hits you with a +1 flail of venom.
* * * LOW HITPOINT WARNING * * *
The grasping roots constrict you.
* * * LOW HITPOINT WARNING * * *
Unknown command.
You take 12 damage, and have 7/70 hp.
Unknown command.
Unknown command.
You feel better.
Edmund hits you with a +1 flail of venom!
* * * LOW HITPOINT WARNING * * *
The grasping roots constrict you.
* * * LOW HITPOINT WARNING * * *
Edmund's grasping roots sink back into the ground.
You take 3 damage, and have 4/70 hp.
Okay, then.
You feel better.
Edmund hits you with a +1 flail of venom!
* * * LOW HITPOINT WARNING * * *
Edmund says, "A flail is better than a scythe, any day of the week!"
Edmund zaps a wand.
The roots erupt in riotous growth!
The grasping roots grab you!
Edmund is unaffected.
The grasping roots constrict you.
You die...
Edmund whines, "They better pay attention to me now!"

#.### #@.......
#.#<# #.## #.. ...
#.#.# #... ......
#.#.# #..####.#'#
#.#.####..#......#
#......#..#..#.#
#.#.##.#..#..#.#s#
#.#.##.#..#..Wg..#
###.##.#.@##.#.###
#.##.#..@s.#.#
#.##.#..##.#.#
#.##.#.#####..
#.##........##
###.####.# #.# #.#
#.#


You could see Edmund and a scorpion.

Vanquished Creatures
  An ogre (D:4)
  A centaur (D:4)
  2 phantoms
  A scorpion (D:5)
  2 bombardier beetles (D:3)
  An iguana (D:4)
  An orc wizard (D:4)
  Ijyb (D:5)
  Natasha (thrice) (D:4)
  A gnoll (D:1)
  6 adders
  3 dart slugs
  A ribbon worm (D:2)
  9 orcs
  4 bats
  6 endoplasms
  2 giant cockroaches
  6 hobgoblins
  11 jackals
  5 kobolds
  3 quokkas
  3 ball pythons
  A frilled lizard (D:1)
  6 goblins
  5 rats
85 creatures vanquished.

Notes
Turn   | Place    | Note
-------+----------+-------------------------------------------
     0 | D:1      | HilariousDeathArtist the Mountain Dwarf Berserker began the
                  | quest for the Orb.
     0 | D:1      | Reached XP level 1. HP: 19/19 MP: 1/1
   185 | D:1      | Reached skill level 4 in Axes
   185 | D:1      | Reached XP level 2. HP: 23/27 MP: 2/2
   916 | D:2      | Reached skill level 4 in Fighting
   944 | D:2      | Reached XP level 3. HP: 33/33 MP: 3/3
  1375 | D:2      | Found a shadowy altar of Dithmenos.
  1393 | D:2      | Reached ** piety under Trog
  1696 | D:2      | Reached XP level 4. HP: 32/41 MP: 4/4
  1857 | D:2      | Reached skill level 5 in Axes
  1905 | D:3      | HP: 9/41 [adder (2)]
  1909 | D:2      | HP: 4/41 [poisoned by an adder]
  2204 | D:3      | Reached skill level 5 in Fighting
  2365 | D:3      | Reached XP level 5. HP: 47/48 MP: 5/5
  2499 | D:3      | Found a transporter.
  2500 | D:3      | Noticed intricategwyn's ghost (weakling DgAl)
  2500 | D:3      | Identified the +9 dire flail of Megoa {drain, Fly rF- rCorr
                  | Str+3}
  2500 | D:3      | Noticed an ogre
  2500 | D:3      | Noticed an ogre
  2534 | D:3      | Found a blossoming altar of Fedhas.
  3034 | D:3      | Found a transporter.
  3061 | D:4      | Noticed a phantom
  3069 | D:4      | Killed a phantom
  3070 | D:4      | Reached skill level 6 in Fighting
  3070 | D:4      | Reached XP level 6. HP: 55/58 MP: 6/6
  3105 | D:4      | Identified a scroll of acquirement
  3179 | D:4      | Noticed Natasha
  3186 | D:4      | Acquired 511 gold pieces
  3201 | D:4      | Killed Natasha
  3205 | D:4      | Reached skill level 7 in Fighting
  3305 | D:4      | Noticed Natasha
  3316 | D:4      | Killed Natasha
  3352 | D:4      | Noticed Natasha
  3369 | D:4      | Killed Natasha
  3491 | D:4      | Found a radiant altar of Vehumet.
  3790 | D:4      | Reached skill level 8 in Fighting
  3790 | D:4      | Reached XP level 7. HP: 51/68 MP: 7/7
  3992 | D:4      | Found a shimmering blue altar of Sif Muna.
  3998 | D:4      | Reached *** piety under Trog
  4198 | D:5      | Entered Level 5 of the Dungeon
  4234 | D:5      | Noticed Ijyb
  4239 | D:5      | Noticed Edmund
  4258 | D:5      | Killed Ijyb
  4259 | D:5      | Reached skill level 9 in Fighting
  4267 | D:5      | HP: 15/70 [poisoned by Edmund]
  4267 | D:5      | HP: 7/70 [constriction (1)]
  4269 | D:5      | Constricted to death by Edmund

Illustrated notes

Levels and vault maps discovered:
D:1:      dpeg_arrival_three_bigger_balls, layout_loops_ring
D:2:      layout_loops_ring, basic_altar, grunt_ministairs_6,
          reono_crystal_passage
D:3:      layout_loops_ring, fedhas_altar_3, gammafunk_ghost_smash
D:4:      layout_cave_pools, kennysheep_orc_sif_temple,
          nicolae_vehumet_altar_sigil, minmay_misc_feat_more_columns,
          hangedman_decor_lopped, uniq_natasha
D:5:      layout_basic, kiku_gazebo_garden_becter, kennysheep_windowed_goal,
          uniq_ijyb, uniq_edmund, uniq_crazy_yiuf_cottage

Skill      XL: |  1  2  3  4  5  6  7 |
---------------+----------------------+-----
Axes           | 4 5 |  5.4
Fighting       | 4 5 6 8 9 |  9.0
Armour         | |  2.1
Dodging        | |  1.3

Action                     |  1- 3 |  4- 6 |  7- 9 || total
---------------------------+-------+-------+-------++-------
  Melee: Hand axe          |   155 |    57 |       ||   212
         Dagger            |       |    11 |       ||    11
         War axe           |       |    64 |    32 ||    96
         Unarmed           |       |     1 |       ||     1
 Invoke: Berserk           |     1 |     4 |     1 ||     6
    Use: Scroll            |       |     9 |       ||     9
         Potion            |       |       |     3 ||     3
 Armour: Animal skin       |    16 |       |       ||    16
         Leather armour    |    64 |    61 |       ||   125
         Scale mail        |       |    79 |    46 ||   125
  Dodge: Dodged            |    95 |   106 |    10 ||   211

Table legend: (Time is in decaauts)
 A = Elapsed time spent in this place.
 B = Non-inter-level travel time spent in this place.
 C = Inter-level travel time spent in this place.
 D = Time resting spent in this place.
 E = Time spent auto-exploring this place.
 F = Levels seen in this place.
 G = Mean time per level.
                   A        B        C        D        E       F      G
               +--------+--------+--------+--------+--------+-----+--------+
         Total |   4361 |   4174 |    187 |     44 |   3403 |   5 |  872.2 |
       Dungeon |   4361 |   4174 |    187 |     44 |   3403 |   5 |  872.2 |
               +--------+--------+--------+--------+--------+-----+--------+

Top non-repeatable levels by time:
     D:2: 1263 daAuts
     D:4: 1197 daAuts
     D:1: 925 daAuts
     D:3: 901 daAuts
     D:5: 73 daAuts

Levels and vault maps discovered:
D:1:      dpeg_arrival_three_bigger_balls, layout_loops_ring
D:2:      layout_loops_ring, basic_altar, grunt_ministairs_6,
          reono_crystal_passage
D:3:      layout_loops_ring, fedhas_altar_3, gammafunk_ghost_smash
D:4:      layout_cave_pools, kennysheep_orc_sif_temple,
          nicolae_vehumet_altar_sigil, minmay_misc_feat_more_columns,
          hangedman_decor_lopped, uniq_natasha
D:5:      layout_basic, kiku_gazebo_garden_becter, kennysheep_windowed_goal,
          uniq_ijyb, uniq_edmund, uniq_crazy_yiuf_cottage

Table legend: (Time is in decaauts)
 A = Elapsed time spent in this place.
 B = Non-inter-level travel time spent in this place.
 C = Inter-level travel time spent in this place.
 D = Time resting spent in this place.
 E = Time spent auto-exploring this place.
 F = Levels seen in this place.
 G = Mean time per level.
                   A        B        C        D        E       F      G
               +--------+--------+--------+--------+--------+-----+--------+
         Total |   4361 |   4174 |    187 |     44 |   3403 |   5 |  872.2 |
       Dungeon |   4361 |   4174 |    187 |     44 |   3403 |   5 |  872.2 |
               +--------+--------+--------+--------+--------+-----+--------+

Top non-repeatable levels by time:
     D:2: 1263 daAuts
     D:4: 1197 daAuts
     D:1: 925 daAuts
     D:3: 901 daAuts
     D:5: 73 daAuts

Table legend:
 A = Kills in this place as a percentage of kills in the entire game.
 B = Kills by you in this place as a percentage of kills by you in the entire game.
 C = Kills by friends in this place as a percentage of kills by friends in the entire game.
 D = Other kills in this place as a percentage of other kills in the entire game.
 E = Experience gained in this place as a percentage of experience gained in the entire game.
 F = Experience gained in this place divided by the number of levels of this place that you have seen.
                   A       B       C       D       E      F
               +-------+-------+-------+-------+-------+----------------------
         Total | 100.0 | 100.0 |   N/A |   N/A | 100.0 | 213.0
       Dungeon | 100.0 | 100.0 |   N/A |   N/A | 100.0 | 213.0
               +-------+-------+-------+-------+-------+----------------------
